 Dungeon Crawl Stone Soup version 0.22.1-1-ga44c0e56f4 (webtiles) character file.

7105 Morbidden the Grappler (level 10, -6/91 HPs)
             Began as a Troll Hunter on Oct 15, 2018.
             Was a High Priest of Okawaru.
             Mangled by Grum
             ... wielding a +1 spear
              (15 damage)
             ... on level 9 of the Dungeon on Oct 16, 2018.
             The game lasted 00:25:41 (7939 turns).

Morbidden the Grappler (Troll Hunter)               Turns: 7939, Time: 00:25:41

Health: -6/91      AC:  9    Str: 25    XL:     10   Next: 84%
Magic:  10/10      EV: 12    Int:  7    God:    Okawaru [*****.]
Gold:   512        SH:  0    Dex: 12    Spells: 9/9 levels left

rFire    . . .     SeeInvis .     - Unarmed
rCold    . . .     Gourm    +   (no shield)
rNeg     . . .     Faith    .   w - +2 robe
rPois    .         Spirit   .   (helmet restricted)
rElec    .         Reflect  .   C - +1 cloak
rCorr    .         Harm     .   (gloves unavailable)
MR       .....                  (boots unavailable)
Stlth    +.........             x - amulet of the acrobat
HPRegen  0.65/turn              D - +2 ring of dexterity
MPRegen  0.12/turn              (no ring)

@: confused
A: large, unfitting armour, claws 3, fast metabolism 3, gourmand, regeneration
1, shaggy fur 1, tough skin 2
a: Heroism, Finesse, Renounce Religion


You were on level 9 of the Dungeon.
You worshipped Okawaru.
Okawaru was extremely pleased with you.
You were completely stuffed.

You visited 1 branch of the dungeon, and saw 9 of its levels.

You collected 512 gold pieces.

Inventory:

Missiles
 c - a large rock
 d - 2 throwing nets
 e - 75 stones (quivered)
 y - 6 javelins
Armour
 w - a +2 robe (worn)
 C - a +1 cloak (worn)
Jewellery
 x - an amulet of the acrobat (around neck)
 A - an uncursed ring of ice
 D - a +2 ring of dexterity (left claw)
Wands
 p - a wand of paralysis (15)
 v - a wand of iceblast (7)
Scrolls
 a - 6 scrolls of fog
 g - 8 scrolls of teleportation
 h - 2 scrolls of enchant armour
 l - 2 scrolls of enchant weapon
 m - a scroll of blinking
 r - a scroll of remove curse
 t - a scroll of identify
Potions
 i - 3 potions of cancellation
 j - a potion of mutation
 k - 3 potions of flight
 n - 2 potions of berserk rage
 o - 2 potions of curing
 q - 2 potions of brilliance
 s - 2 potions of might
 u - a potion of heal wounds
 z - 4 potions of haste
Comestibles
 f - 8 rations


   Skills:
 + Level 3.5 Fighting
 + Level 8.7 Throwing
 + Level 5.0 Dodging
 - Level 0.7 Stealth
 * Level 12.0 Unarmed Combat
 * Level 1.6 Invocations


You had 9 spell levels left.
You didn't know any spells.
Your spell library contained the following spells:

 Spells                   Type           Power        Failure   Level  Hunger
 Beastly Appendage        Tmut           #.....       43%         1    ##.....
 Sticks to Snakes         Tmut           #.......     56%         2    ###....
 Spider Form              Tmut/Pois      #.........   80%         3    ####...
 Ice Form                 Ice/Tmut       #.......     99%         4    #####..
 Blade Hands              Tmut           #.........   100%        5    ######.


Dungeon Overview and Level Annotations

Branches:
Dungeon (9/15)             Temple (0/1) D:6
   Lair: D:8-11         Orc: D:9-12

Altars:
Ashenzari
Cheibriados
Dithmenos
Gozag
Okawaru
Trog
Vehumet
Yredelemnul
Zin
The Shining One

Annotations:
D:9 Grum


Innate Abilities, Weirdness & Mutations

You are too large for most types of armour.
You have claws for hands.
Your metabolism is lightning-fast.
You like to eat raw meat.
Your natural rate of healing is unusually fast.
You are covered in fur. (AC +1)
You have very tough skin. (AC +2)


Message History

You closely miss the wolf.
The wolf is severely wounded.
The wolf completely misses you. The wolf closely misses you.
Unknown command.
Unknown command.
You are confused.
You feel invigorated.
Grum hits you from afar with an enchanted spear!
* * * LOW HITPOINT WARNING * * *
The wolf bites you.
* * * LOW HITPOINT WARNING * * *
You bump into the rock wall.
The wolf bites you.
* * * LOW HITPOINT WARNING * * *
Grum closely misses you. The wolf bites you.
* * * LOW HITPOINT WARNING * * *
Unknown command.
You bump into the metal wall.
The wolf bites you.
* * * LOW HITPOINT WARNING * * *
Grum hits you from afar with an enchanted spear!
You die...

#####....#
.........#################.
.............>..........(.[
.........####'###.........(
........#......#......(...
###.....#......#..........
#.....#......#...†......
#.....########.......[..
#..)........@hg.........
+...###########.........
#.††#.........#......###
+...#.........#......#
#...#.........#......#
####...#.........#......#
........'......)..#......#
.....[..######'####......#
.........................#


You could see Grum and a wolf.

Vanquished Creatures
  Harold (D:7)
  Pikel (D:8)
  Maurice (D:8)
  Joseph (D:8)
  Psyche (D:8)
  The ghost of ALW the Ogre Mage, an amateur OgWz (D:4)
  A hippogriff (D:7)
  6 yaks (D:9)
  A hungry ghost (D:7)
  2 orc warriors
  A sky beast (D:6)
  A slave (D:8)
  A phantom (D:5)
  2 ice beasts
  5 centaurs
  4 ogres
  A wolf (D:9)
  2 big kobolds
  3 bullfrogs
  A gnoll sergeant (D:6)
  A wyvern skeleton (D:6)
  2 howler monkeys (D:7)
  A crimson imp (D:6)
  A quasit (D:6)
  4 gnoll shamans (D:6)
  A centaur zombie (D:6)
  5 hounds
  3 jellies
  A bullfrog skeleton (D:4)
  3 orc priests
  A centaur skeleton (D:4)
  An iguana (D:9)
  13 orc wizards
  7 worker ants
  A killer bee zombie (D:7)
  A hound skeleton (D:6)
  A worker ant zombie (D:5)
  42 gnolls
  15 adders
  3 shadow imps
  2 adder skeletons
  2 worms (D:2)
  3 dart slugs
  2 leopard geckos (D:4)
  34 orcs
  3 bats
  4 giant cockroaches
  3 goblins
  6 hobgoblins
  25 jackals
  14 kobolds
  5 quokkas
  2 ball pythons
  2 frilled lizards (D:1)
  A jackal skeleton (D:4)
  A leopard gecko zombie (D:5)
  10 rats
263 creatures vanquished.

Vanquished Creatures (others)
  An orc (D:8)
  A fungus (D:4)
  3 plants (D:4)
5 creatures vanquished.

Grand Total: 268 creatures vanquished

Notes
Turn   | Place    | Note
-------+----------+-------------------------------------------
     0 | D:1      | Morbidden the Troll Hunter began the quest for the Orb.
     0 | D:1      | Reached XP level 1. HP: 19/19 MP: 0/0
   225 | D:1      | Reached XP level 2. HP: 28/28 MP: 1/1
   759 | D:2      | Reached skill level 1 in Unarmed Combat
   762 | D:2      | Reached XP level 3. HP: 21/35 MP: 2/2
   793 | D:2      | Found a basalt altar of Yredelemnul.
  1031 | D:2      | Found a radiant altar of Vehumet.
  1062 | D:2      | Reached XP level 4. HP: 37/42 MP: 3/3
  1135 | D:2      | Reached skill level 2 in Unarmed Combat
  1162 | D:2      | Found a shadowy altar of Dithmenos.
  1585 | D:3      | Reached XP level 5. HP: 25/49 MP: 4/4
  1769 | D:3      | Found an iron altar of Okawaru.
  1800 | D:3      | Became a worshipper of Warmaster Okawaru
  2094 | D:3      | Found a bloodstained altar of Trog.
  2332 | D:4      | Found a runed gate.
  2332 | D:4      | Found a runed gate.
  2332 | D:4      | Found a runed gate.
  2354 | D:4      | Noticed ALW's ghost (amateur OgWz)
  2372 | D:4      | Reached skill level 5 in Throwing
  2412 | D:4      | Reached skill level 3 in Unarmed Combat
  2504 | D:4      | Reached XP level 6. HP: 57/57 MP: 5/5
  2772 | D:4      | Found an opulent altar of Gozag.
  2943 | D:4      | Reached * piety under Okawaru
  2943 | D:4      | Reached skill level 4 in Unarmed Combat
  3360 | D:4      | Reached XP level 7. HP: 30/65 MP: 6/6
  3454 | D:4      | Reached skill level 5 in Unarmed Combat
  3806 | D:4      | Killed ALW's ghost
  3806 | D:4      | Reached ** piety under Okawaru
  3807 | D:4      | Reached skill level 6 in Unarmed Combat
  3877 | D:5      | Entered Level 5 of the Dungeon
  3915 | D:5      | Reached XP level 8. HP: 49/72 MP: 7/7
  3935 | D:5      | Found a glowing golden altar of the Shining One.
  4130 | D:5      | Reached skill level 7 in Unarmed Combat
  4378 | D:5      | Found a snail-covered altar of Cheibriados.
  4467 | D:5      | Found a shattered altar of Ashenzari.
  4575 | D:6      | Reached *** piety under Okawaru
  4667 | D:6      | Reached skill level 8 in Unarmed Combat
  5177 | D:6      | Reached XP level 9. HP: 71/80 MP: 8/8
  5521 | D:6      | Found a radiant altar of Vehumet.
  5548 | D:6      | Reached **** piety under Okawaru
  5548 | D:6      | Reached skill level 9 in Unarmed Combat
  5907 | D:6      | Found a staircase to the Ecumenical Temple.
  6019 | D:7      | Noticed Harold
  6031 | D:7      | Killed Harold
  6031 | D:7      | Reached skill level 10 in Unarmed Combat
  6041 | D:7      | Received a gift from Okawaru
  6087 | D:7      | Reached XP level 10. HP: 34/91 MP: 9/9
  6395 | D:7      | Found a glowing silver altar of Zin.
  6653 | D:8      | Noticed Psyche
  6672 | D:8      | Killed Psyche
  6672 | D:8      | Reached ***** piety under Okawaru
  6841 | D:8      | Noticed Joseph
  6842 | D:8      | Noticed Pikel
  6862 | D:8      | Killed Pikel
  6862 | D:8      | Reached skill level 11 in Unarmed Combat
  6867 | D:8      | Killed Joseph
  6867 | D:8      | Received a gift from Okawaru
  6958 | D:8      | Noticed Maurice
  7196 | D:8      | Killed Maurice
  7754 | D:9      | Reached skill level 1 in Invocations
  7803 | D:9      | Reached skill level 12 in Unarmed Combat
  7896 | D:9      | Reached skill level 5 in Dodging
  7919 | D:9      | Noticed Grum
  7939 | D:9      | Mangled by Grum

Skill      XL: |  1  2  3  4  5  6  7  8  9 10 |
---------------+-------------------------------+-----
Throwing       | 4 5 6 7 8 |  8.7
Unarmed Combat | 1 2 3 4 6 8 10 12 | 12.0
Dodging        | 2 3 4 5 |  5.0
Fighting       | 2 3 |  3.5
Invocations    | 1 |  1.6
Stealth        | |  0.7

Action                   |  1- 3 |  4- 6 |  7- 9 | 10-12 || total
-------------------------+-------+-------+-------+-------++-------
Melee: Unarmed           |    61 |   123 |   282 |   147 ||   613
       Punch             |       |     4 |    10 |    11 ||    25
Throw: Stone             |    47 |   168 |   219 |    45 ||   479
       Large rock        |       |     3 |     2 |     9 ||    14
       Javelin           |       |       |    19 |    10 ||    29
       Throwing net      |       |       |       |     6 ||     6
Invok: Heroism           |       |       |     3 |     1 ||     4
  Use: Scroll            |       |     7 |     2 |    11 ||    20
       Potion            |       |       |     4 |     1 ||     5
 Stab: Held in net/web   |       |       |       |     2 ||     2
  Eat: Chunk             |     8 |    19 |    23 |    20 ||    70
       Ration            |       |     1 |     1 |     2 ||     4
Armor: Robe              |    18 |    33 |    56 |    43 ||   150
       Skin              |       |       |    30 |    10 ||    40
Dodge: Dodged            |    29 |    57 |   169 |    88 ||   343
